 Dungeon Crawl Stone Soup version 0.19-a0-1899-g2d93087 (webtiles) character file.

63 Grim the Vexing (level 3, 0/14 HPs)
             Began as a Felid Enchanter on Oct 20, 2016.
             Slain by a kobold
             ... wielding a +0 short sword
              (5 damage)
             ... on level 2 of the Dungeon.
             The game lasted 00:05:32 (2742 turns).

Grim the Vexing (Felid Enchanter)                   Turns: 2742, Time: 00:05:32

Health: 0/14       AC:  1    Str:  4    XL:     3   Next: 87%
Magic:  7/7        EV: 18    Int: 17    God:
Gold:   195        SH:  0    Dex: 16    Spells: 2 memorised, 3 levels left
                                        Lives:  0   Deaths: 0

rFire  . . .     SeeInvis +       - Unarmed
rCold  . . .     Gourm    .     (armour unavailable)
rNeg   . . .     Faith    .     (shield unavailable)
rPois  .         Spirit   .     (helmet unavailable)
rElec  .         Reflect  .     (cloak unavailable)
rCorr  +         Harm     .     (gloves unavailable)
MR     .....                    (boots unavailable)
Stlth  +++.......               d - amulet of magic regeneration
                                (no ring)
                                c - ring of resist corrosion

@: quick
A: no armour, no weapons or thrown items, stealth, claws 1, fangs 3, see
invisible, carnivore 3, speed 1, shaggy fur 1, slow metabolism 1, sharp paws
a: no special abilities


You were on level 2 of the Dungeon.
You were completely stuffed.

You visited 1 branch of the dungeon, and saw 3 of its levels.

You collected 195 gold pieces.

Inventory:

Jewellery
 c - a ring of resist corrosion (left paw)
 d - an amulet of magic regeneration (around neck)
Scrolls
 f - a scroll of fear {unknown}
 h - 4 scrolls of identify {unknown}
Potions
 e - a potion of cure mutation {unknown}
 i - a potion of lignification {unknown}
 j - a potion of haste {unknown}
 k - a potion of degeneration {unknown}
Books
 a - a book of Maledictions

   Spells                             Type                      Level
   a - Corona                         Hexes                        1
   b - Ensorcelled Hibernation        Hexes/Ice                    2
   c - Confuse                        Hexes                        3
   d - Tukima's Dance                 Hexes                        3
   e - Dazzling Spray                 Conjuration/Hexes            3
Comestibles
 b - a meat ration
 g - a beef jerky


   Skills:
 - Level 2.6 Dodging
 - Level 4.0 Stealth
 + Level 2.2 Unarmed Combat
 - Level 2.0 Spellcasting
 + Level 5.4 Hexes
 * Level 1.6 Ice Magic


You had 3 spell levels left.
You knew the following spells:

 Your Spells              Type           Power        Failure   Level  Hunger
a - Corona                Hex            ###....      2%          1    #......
b - Ensorcelled Hibernat  Hex/Ice        ##....       10%         2    ###....


Dungeon Overview and Level Annotations

Branches:
Dungeon (3/15)

Altars:
Cheibriados
Elyvilon
Sif Muna

Annotations:
D:3 Grim's ghost, amateur OpTm


Innate Abilities, Weirdness & Mutations

You cannot wear armour.
You are incapable of wielding weapons or throwing items.
Your paws allow you to move quietly. (Stealth)
You have sharp claws.
You have razor-sharp teeth.
You have supernaturally acute eyesight. (SInv)
You are carnivorous and can eat meat at any time.
You cover ground quickly.
You are covered in fur. (AC +1)
You have a slow metabolism.
Your sharp claws are effective at attacking unaware monsters.


Message History

Grim's ghost turns its malevolent gaze towards you.
The bat closely misses you.
The kobold shouts!
You climb upwards.
All of the chunks of flesh in your inventory have rotted away.
There is a stone staircase leading down here.
You climb downwards.
Level annotation: Grim's ghost, amateur OpTm The kobold completely misses you.
The kobold barely misses you. Grim's ghost misses you.
The kobold hits you with a short sword.
* * * LOW HITPOINT WARNING * * *
There is a stone staircase leading up here.
The bat misses you. The kobold barely misses you. The bat misses you.
Grim's ghost hits you.
* * * LOW HITPOINT WARNING * * *
The kobold completely misses you.
You climb upwards.
There is a stone staircase leading down here.
The kobold misses you. The kobold hits you with a short sword.
You die...

................# #.# #.#
.............#..###.#######.#
%.#..........#..............#
..##..#......#..###.######..#
.รท....##..#.....# #.# #..#
#...#.....##..#.# #.# #..#
##..#.........#.# #.# #..#####
....###.#....##K###.######.......
........##...##>@............###.
#.#..........##K...#.###.###.....
#.##..#......##.##.#.#.#.#.......
#.....##...####.##.###.#.###.###.
..........## #.##.....#...#.# #.
#.#.#...### #.##.#########.# ##
#.#.##).# #....#...#.....#
#.#.....# ####.###.#.###.#
#.####### ##...#.#.#.#.#


You could see 2 kobolds.

Vanquished Creatures
  An adder (D:2)
  An ooze (D:2)
  A worm (D:2)
  2 dart slugs
  2 leopard geckos (D:2)
  8 bats
  A giant cockroach (D:2)
  5 goblins
  6 hobgoblins
  3 frilled lizards
  5 kobolds
  7 rats
  A fungus (D:1)
43 creatures vanquished.

Vanquished Creatures (others)
  A ghoul (D:1)
  A draconian (D:1)
  3 formicids (D:1)
  A spriggan (D:1)
  2 centaurs (D:1)
  A mummy (D:1)
  3 orcs (D:1)
  A bat (D:3)
  4 tentacles (D:1)
17 creatures vanquished.

Grand Total: 60 creatures vanquished

Notes
Turn   | Place    | Note
-------+----------+-------------------------------------------
     0 | D:1      | Grim the Felid Enchanter began the quest for the Orb.
     0 | D:1      | Reached XP level 1. HP: 7/7 MP: 4/4
     0 | D:1      | Noticed a ghoul
     0 | D:1      | Noticed a formicid
     0 | D:1      | Noticed a draconian
     0 | D:1      | Noticed a centaur
     0 | D:1      | Noticed a kraken
     0 | D:1      | Noticed a spriggan
     0 | D:1      | Noticed a centaur
     0 | D:1      | Noticed a formicid
     0 | D:1      | Noticed a formicid
     4 | D:1      | Killed a centaur
     5 | D:1      | Killed a formicid
     7 | D:1      | Killed a centaur
     8 | D:1      | Killed a formicid
     9 | D:1      | Killed a ghoul
    10 | D:1      | Killed a spriggan
    11 | D:1      | Killed a formicid
    12 | D:1      | Killed a draconian
   441 | D:1      | Reached XP level 2. HP: 7/11 MP: 6/6
   592 | D:1      | Reached skill level 5 in Hexes
   616 | D:1      | Learned a level 2 spell: Ensorcelled Hibernation
  1200 | D:2      | Reached skill level 1 in Ice Magic
  1233 | D:2      | Reached XP level 3. HP: 12/14 MP: 7/7
  1619 | D:2      | Found a white marble altar of Elyvilon.
  1619 | D:2      | Found a snail-covered altar of Cheibriados.
  2338 | D:2      | Found a faded altar of an unknown god.
  2338 | D:2      | Found a faded altar of an unknown god.
  2343 | D:2      | Found a faded altar of an unknown god.
  2345 | D:2      | Found a faded altar of an unknown god.
  2346 | D:2      | Found a deep blue altar of Sif Muna.
  2733 | D:3      | Noticed Grim's ghost (amateur OpTm)
  2742 | D:2      | Slain by a kobold

Vault maps used:
D:1:      nicolae_arrival_kraken_aquarium_a, minmay_gold_behind_fungi
D:2:      chequers_temple_overflow_minitemple, gammafunk_temple_overflow_wave,
          minivault_14, hangedman_decor_points, roderic_curled_sauvastika
D:3:      fiery_altar_vehumet, nicolae_qazlal_eye_of_the_storm, first_bread,
          kennysheep_generic_room_9, uniq_jessica

Skill      XL: |  1  2  3 |
---------------+----------+-----
Hexes          | 5 |  5.4
Ice Magic      | 1 |  1.6
Unarmed Combat | 2 |  2.2
Dodging        | |  2.6
Stealth        | |  4.0
Spellcasting   | |  2.0

Action                   || total
-------------------------++-------
Melee: Unarmed           ||   140
       Bite              ||    16
 Cast: Corona            ||    19
       Ensorcelled Hiber ||    14
 Stab: Sleeping          ||    25
  Eat: Chunk             ||    12
Armor: Skin              ||    10
Dodge: Dodged            ||    84
